 Dungeon Crawl Stone Soup version 0.25.1-8-g42b30a86e7 (webtiles) character file.

Game seed: 5670805466320493179

17051 Cykl0x the Carver (level 12, -6/92 HPs)
             Began as a Formicid Fighter on Dec 26, 2020.
             Was an Elder of the Shining One.
             Killed from afar by an ice statue (8 damage)
             ... with a bolt of cold
             ... on level 12 of the Dungeon.
             The game lasted 00:23:14 (14269 turns).

Cykl0x the Carver (Formicid Fighter)               Turns: 14269, Time: 00:23:15

Health: -6/92      AC: 14    Str: 25    XL:     12   Next: 77%
Magic:  4/19       EV: 17    Int:  8    God:    the Shining One [****..]
Gold:   122        SH: 23    Dex: 11    Spells: 11/11 levels left

rFire    + . .     SeeInvis +   o - +6 falchion
rCold    + . .     Gourm    .   c - +1 kite shield
rNeg     + + .     Faith    +   h - +0 swamp dragon scales
rPois    +         Spirit   .   (helmet unavailable)
rElec    +         Reflect  .   (no cloak)
rCorr    +         Harm     .   j - +0 pair of gloves
MR       +....                  n - +1 pair of boots
Stlth    +.........             F - amulet of faith
HPRegen  0.25/turn              B - +4 ring of evasion
MPRegen  0.16/turn              p - ring of flight

@: divine shield, resistant, flying (expiring), glowing
A: permanent stasis, dig shafts and tunnels, four strong arms, antennae 3,
shaggy fur 1, electricity resistance, subdued magic 2
a: Dig, Shaft Self, Divine Shield, Cleansing Flame, Renounce Religion, Stop
Flying


You were on level 12 of the Dungeon.
You worshipped the Shining One.
The Shining One was greatly pleased with you.
You were hungry.

You visited 2 branches of the dungeon, and saw 13 of its levels.

You collected 606 gold pieces.
You spent 484 gold pieces at shops.

Inventory:

Hand Weapons
 o - a +6 falchion (weapon)
 J - a +2 dagger of electrocution
Missiles
 g - 284 stones
 u - 7 curare-tipped darts
 w - 9 javelins
 L - 8 boomerangs (quivered)
Armour
 c - a +1 kite shield (worn)
 h - +0 swamp dragon scales (worn)
 j - a +0 pair of gloves (worn)
 n - a +1 pair of boots (worn)
 N - a +0 plate armour
Jewellery
 i - an uncursed ring of magical power
 k - an uncursed ring of positive energy
 m - an uncursed ring of magical power
 p - a ring of flight (right hand)
 t - an uncursed ring of resist corrosion
 y - an uncursed ring of protection from fire
 B - a +4 ring of evasion (left hand)
 D - an uncursed ring of wizardry
 F - an amulet of faith (around neck)
Wands
 a - a wand of polymorph (6)
 d - a wand of disintegration (25)
Scrolls
 r - 5 scrolls of enchant armour
 s - 5 scrolls of remove curse
 v - 2 scrolls of amnesia
 z - a scroll of fear
 A - 2 scrolls of enchant weapon
 C - 7 scrolls of identify
 H - a scroll of fog
 O - 2 scrolls of magic mapping
Potions
 e - 2 potions of flight
 l - a potion of degeneration
 q - a potion of ambrosia
 x - 3 potions of lignification
 G - a potion of curing
 K - 2 potions of might
Comestibles
 b - 8 chunks of flesh
 f - 15 rations


   Skills:
 + Level 7.9 Fighting
 + Level 11.7 Long Blades
 + Level 3.7 Throwing
 + Level 7.8 Armour
 + Level 4.5 Dodging
 - Level 1.0 Stealth
 + Level 11.0 Shields
 * Level 9.6 Invocations


You had 11 spell levels left.
You didn't know any spells.
Your spell library contained the following spells:

 Spells                   Type           Power        Failure   Level  Hunger
 Apportation              Tloc           #.....       43%         1    ##.....
 Magic Dart               Conj           #...         43%         1    ##.....
 Sandblast                Erth           #.....       43%         1    ##.....
 Sting                    Tmut/Pois      #...         43%         1    ##.....
 Summon Butterflies       Summ           #.......     43%         1    ##.....
 Call Imp                 Summ           #.......     58%         2    ###....
 Passwall                 Tmut/Erth      #.......     58%         2    ###....
 Poisonous Vapours        Pois/Air       #.....       58%         2    ###....
 Searing Ray              Conj           #.....       58%         2    ###....
 Slow                     Hex            #.......     58%         2    ###....
 Conjure Flame            Conj/Fire      #.......     83%         3    ####...
 Dazzling Flash           Conj/Hex       #.....       83%         3    ####...
 Ignite Poison            Fire/Tmut/Pois #.......     83%         3    ####...
 Lesser Beckoning         Tloc           #.........   83%         3    ####...
 Mephitic Cloud           Conj/Pois/Air  #.......     83%         3    ####...
 Stone Arrow              Conj/Erth      #.....       83%         3    ####...
 Tukima's Dance           Hex            #.......     83%         3    ####...
 Fulminant Prism          Conj/Hex       #.........   99%         4    #####..
 Iskenderun's Mystic Bla  Conj/Tloc      #.......     99%         4    #####..
 Olgreb's Toxic Radiance  Pois           #.......     99%         4    #####..
 Petrify                  Tmut/Erth      #.......     99%         4    #####..
 Alistair's Intoxication  Tmut/Pois      #.......     100%        5    ######.
 Lee's Rapid Deconstruct  Erth           #.........   100%        5    ######.
 Freezing Cloud           Conj/Ice/Air   #.........   100%        6    #######
 Invisibility             Hex            #.......     100%        6    #######
 Ring of Flames           Chrm/Fire      #.........   100%        7    #######
 Blink                    Tloc           Unusable     N/A         2    N/A

Dungeon Overview and Level Annotations

Branches:
Dungeon (12/15)            Temple (1/1) D:6            Lair (0/6) D:11
    Orc (0/2) D:10

Altars:
Ashenzari
Cheibriados
Dithmenos
Elyvilon
Fedhas
Gozag
Hepliaklqana
Kikubaaqudgha
Makhleb
Nemelex Xobeh
Okawaru
Qazlal
Ru
Sif Muna
Trog
Uskayaw
Vehumet
Wu Jian
Xom
Yredelemnul
Zin
The Shining One

Shops:
D:9 %?   D:11 (   D:12 *

Portals:
Abyss: D:8

Annotations:
D:8 2 transporters, lasso's ghost, novice MiFi
D:12 exclusion: ice statue


Innate Abilities, Weirdness & Mutations

You cannot be hasted, slowed, berserked, paralysed or teleported.
You can dig through walls and to a lower floor.
Your four strong arms can wield two-handed weapons with a shield.
You have a pair of large antennae on your head. (SInv)
You are covered in fur. (AC +1)
You are resistant to electric shocks. (rElec)
Your spells are easier to cast, but less powerful.


Message History

You kill the ice beast!
The golden flame engulfs the ice beast!
You kill the ice beast!
The golden flame engulfs the ice statue!!
The ice statue is almost destroyed.
The golden flame engulfs the ice beast!!
You kill the ice beast!
You are feeling hungry.
The ice statue gestures at you. The bolt of cold hits you! You resist.
* * * LOW HITPOINT WARNING * * *
The golden flame engulfs you but does no damage.
The golden flame engulfs the ice statue but does no damage.
The ice statue is almost destroyed.
You feel somewhat more hungry.
You are starting to lose your buoyancy.
The ice statue glitters chillingly in the dim dungeon light.
The ice statue gestures at you. The bolt of cold hits you! You resist.
You die...

##...##### #....## ##...# ######
##########....## #....#
..^.................... #....#
..................[.... ##...#
.....§.................
.##########...≈≈≈...#######'###'#
.............##§##.........).....
............≈#)/)#§..##..##......
............§≈$8@§§..##.......##.
............≈#[:)#≈..............
##########.§.##§##..#############
##...§≈≈...# #....§....#
###########


You could see an ice statue.

Vanquished Creatures
  A hydra (D:12)
  3 two-headed ogres
  Nergalle (D:11)
  An unseen horror (D:12)
  Pikel (D:4)
  2 deep elf magi (D:12)
  An ugly thing (D:12)
  A manticore (D:12)
  A centaur zombie (D:12)
  Maggie (D:6)
  A kobold demonologist (D:8)
  3 trolls
  2 hippogriffs
  A wraith (D:11)
  4 wyverns
  15 yaks
  A steam dragon (D:10)
  Grum (D:8)
  Menkaure (D:5)
  3 wargs (D:11)
  A black bear (D:8)
  3 ice beasts
  6 orc warriors
  2 phantoms
  2 sky beasts
  A slave (D:4)
  4 ogres
  4 wolves (D:8)
  3 necrophages
  6 centaurs
  A big kobold (D:11)
  Blork the orc (D:5)
  A wyvern zombie (D:10)
  6 bullfrogs
  2 scorpions
  5 wights (D:8)
  3 howler monkeys
  8 crimson imps
  2 jellies
  17 orc priests
  3 hounds
  7 orc wizards
  A bullfrog skeleton (D:7)
  2 centaur skeletons
  3 iguanas
  5 worker ants
  A hound zombie (D:5)
  13 adders
  3 shadow imps
  2 oozes
  An adder skeleton (D:6)
  4 worms
  A dart slug (D:3)
  3 leopard geckos
  37 orcs
  6 bats
  5 giant cockroaches
  8 goblins
  8 hobgoblins
  12 jackals
  6 quokkas
  6 frilled lizards
  A giant cockroach zombie (D:6)
  8 kobolds
  A leopard gecko skeleton (D:7)
  A quokka skeleton (D:6)
  6 rats
277 creatures vanquished.

Vanquished Creatures (others)
  An unseen horror (D:11)
1 creature vanquished.

Grand Total: 278 creatures vanquished

Notes
Turn   | Place    | Note
-------+----------+-------------------------------------------
     0 | D:1      | Cykl0x the Formicid Fighter began the quest for the Orb.
     0 | D:1      | Reached XP level 1. HP: 18/18 MP: 1/1
   208 | D:1      | Reached XP level 2. HP: 23/24 MP: 2/2
   529 | D:1      | Reached XP level 3. HP: 14/29 MP: 3/3
  1293 | D:2      | Reached XP level 4. HP: 35/35 MP: 4/4
  1881 | D:3      | Found a sparkling altar of Nemelex Xobeh.
  2257 | D:3      | Found a shattered altar of Ashenzari.
  2845 | D:4      | Reached XP level 5. HP: 42/42 MP: 5/5
  2991 | D:4      | Reached skill level 1 in Throwing
  2991 | D:4      | Reached skill level 1 in Dodging
  3136 | D:4      | Reached XP level 6. HP: 45/48 MP: 6/6
  3657 | D:4      | Noticed a slave
  3658 | D:4      | Noticed a slave
  3658 | D:4      | Noticed a slave
  3659 | D:4      | Noticed Pikel
  3660 | D:4      | Noticed a slave
  3687 | D:4      | Killed a slave
  3700 | D:4      | Reached skill level 5 in Shields
  3717 | D:4      | Killed Pikel
  3717 | D:4      | Reached skill level 5 in Long Blades
  3717 | D:4      | Reached skill level 1 in Stealth
  3717 | D:4      | Reached XP level 7. HP: 15/55 MP: 7/7
  4325 | D:5      | Entered Level 5 of the Dungeon
  4479 | D:5      | Reached XP level 8. HP: 60/61 MP: 8/8
  4494 | D:5      | Noticed Menkaure
  4507 | D:5      | Killed Menkaure
  4507 | D:5      | Reached skill level 5 in Armour
  4921 | D:5      | Noticed Blork the orc
  4937 | D:5      | Killed Blork the orc
  5884 | D:6      | Found a staircase to the Ecumenical Temple.
  5893 | Temple   | Entered the Ecumenical Temple
  5928 | Temple   | Became a worshipper of the Shining One
  6511 | D:6      | Reached skill level 1 in Invocations
  6558 | D:6      | Noticed Maggie
  6576 | D:6      | Killed Maggie
  6576 | D:6      | Reached XP level 9. HP: 21/67 MP: 10/10
  7175 | D:7      | Reached skill level 5 in Fighting
  7261 | D:7      | Noticed a hippogriff
  7261 | D:7      | Reached * piety under the Shining One
  7287 | D:7      | Gained mutation: Your spells are a little easier to cast,
                  | but a little less powerful. [potion of mutation]
  7287 | D:7      | Gained mutation: You are covered in fur. (AC +1) [potion of
                  | mutation]
  7287 | D:7      | Gained mutation: Your spells are easier to cast, but less
                  | powerful. [potion of mutation]
  7287 | D:7      | Gained mutation: You are resistant to electric shocks.
                  | (rElec) [potion of mutation]
  7302 | D:7      | Killed a hippogriff
  8455 | D:8      | Found a blossoming altar of Fedhas.
  8455 | D:8      | Noticed Grum
  8483 | D:8      | Killed Grum
  8489 | D:8      | Reached XP level 10. HP: 34/74 MP: 13/13
  8511 | D:8      | Noticed a kobold demonologist
  8519 | D:8      | Killed a kobold demonologist
  8519 | D:8      | Reached skill level 5 in Invocations
  8769 | D:8      | Found a transporter.
  8965 | D:8      | Reached ** piety under the Shining One
  9195 | D:8      | Found a transporter.
  9206 | D:8      | Noticed lasso's ghost (novice MiFi)
  9223 | D:8      | Found a one-way gate to the infinite horrors of the Abyss.
  9236 | D:8      | Noticed a red ugly thing
  9920 | D:9      | Reached XP level 11. HP: 74/82 MP: 14/16
  9983 | D:9      | Reached *** piety under the Shining One
 10136 | D:9      | Found Qonymel's Food Emporium.
 10460 | D:9      | Noticed a two-headed ogre
 10476 | D:9      | Killed a two-headed ogre
 10721 | D:9      | Found Jyazxe's Magic Scroll Boutique.
 10724 | D:9      | Bought a scroll of identify for 22 gold pieces
 10724 | D:9      | Bought a scroll of enchant armour for 82 gold pieces
 10724 | D:9      | Bought a scroll of identify for 22 gold pieces
 10724 | D:9      | Bought a scroll of identify for 22 gold pieces
 10855 | D:10     | Entered Level 10 of the Dungeon
 10907 | D:10     | Reached skill level 10 in Long Blades
 11042 | D:10     | Reached **** piety under the Shining One
 11213 | D:10     | Found a staircase to the Orcish Mines.
 11315 | D:10     | Noticed a two-headed ogre
 11326 | D:10     | Killed a two-headed ogre
 11921 | D:11     | Found Ikican's Antique Weapon Emporium.
 12209 | D:11     | Found a staircase to the Lair.
 12228 | D:11     | Noticed an unseen horror
 12242 | D:11     | Killed an unseen horror
 12242 | D:11     | Reached skill level 10 in Shields
 12298 | D:11     | Noticed Nergalle
 12320 | D:11     | Killed Nergalle
 12425 | D:11     | Reached XP level 12. HP: 91/91 MP: 18/18
 12881 | D:12     | Noticed a two-headed ogre
 12892 | D:12     | Killed a two-headed ogre
 13636 | D:12     | Found Ighuiczu's Assorted Antiques.
 13644 | D:12     | Bought a scroll of identify for 64 gold pieces
 13644 | D:12     | Bought a scroll labeled DYUNLE LIFRIZO for 32 gold pieces
 13644 | D:12     | Bought a scroll of identify for 64 gold pieces
 13644 | D:12     | Bought a scroll of identify for 64 gold pieces
 13644 | D:12     | Bought a scroll of magic mapping for 112 gold pieces
 13670 | D:12     | Noticed an unseen horror
 13681 | D:12     | Killed an unseen horror
 14015 | D:12     | Noticed a five-headed hydra
 14015 | D:12     | Reached ***** piety under the Shining One
 14024 | D:12     | Killed a six-headed hydra
 14258 | D:12     | HP: 2/92 [ice statue] (6)]
 14268 | D:12     | HP: 2/92 [ice statue/bolt of cold (14)]
 14269 | D:12     | Killed from afar by an ice statue

Illustrated notes

Levels and vault maps discovered:
D:1:      shiori_shiawase, layout_basic
D:2:      layout_rooms
D:3:      layout_basic, nemelex_altar_shiori, nicolae_ashenzari_panopticon
D:4:      layout_layer_cave, first_ration, uniq_pikel
D:5:      layout_gridville, kennysheep_another_room, uniq_blork_the_orc,
          uniq_menkaure
D:6:      layout_basic, minmay_temple_entry_drinking_statues, uniq_maggie
D:7:      layout_basic, grunt_ogre_cave
D:8:      layout_cave_pools, gammafunk_ghost_abyssal_escape,
          fedhas_bush_and_centaur_altar, uniq_grum
D:9:      layout_loops_ring, serial_shops, nicolae_shop_behind_doors, shop
D:10:     layout_loops_corners, orc_0_dummy, minmay_misc_feat_rugged
D:11:     layout_cave_pools, erik_lair_orcish_takeover, serial_shops, shop,
          uniq_nergalle
D:12:     layout_stronghold, serial_shops, nicolae_shop_overgrown_old_shop,
          minivault_15
Temple:   nicolae_temple_the_god_donut

Skill      XL: |  1  2  3  4  5  6  7  8  9 10 11 12 |
---------------+-------------------------------------+-----
Shields        | 4 5 6 7 8 10 11 | 11.0
Long Blades    | 3 5 6 7 9 10 11 | 11.7
Throwing       | 1 2 3 |  3.7
Dodging        | 1 2 3 4 |  4.5
Armour         | 4 6 7 |  7.8
Fighting       | 4 5 6 7 |  7.9
Stealth        | 1 |  1.0
Invocations    | 2 4 6 8 9 |  9.6

Action                   |  1- 3 |  4- 6 |  7- 9 | 10-12 || total
-------------------------+-------+-------+-------+-------++-------
Melee: Long sword        |   130 |   163 |   193 |       ||   486
       Scimitar          |       |       |    67 |    53 ||   120
       Falchion          |       |       |       |   637 ||   637
       Dagger            |       |       |       |     5 ||     5
Throw: Stone             |     6 |    84 |    23 |    10 ||   123
       Dart              |       |       |     3 |     5 ||     8
       Javelin           |       |       |       |    13 ||    13
       Boomerang         |       |       |       |     8 ||     8
Invok: Cleansing Flame   |       |       |       |     3 ||     3
       Divine Shield     |       |       |       |     1 ||     1
 Abil: Dig               |     1 |     1 |     4 |     7 ||    13
       Evoke Flight      |       |       |       |     1 ||     1
  Use: Scroll            |     1 |     5 |     4 |     8 ||    18
       Potion            |       |     2 |     5 |     5 ||    12
  Eat: Chunk             |     1 |     8 |     9 |    21 ||    39
       Ration            |       |       |     2 |       ||     2
Armor: Scale mail        |    58 |    52 |    38 |       ||   148
       Swamp dragon scal |       |       |    61 |   149 ||   210
Dodge: Dodged            |    52 |    55 |    75 |   245 ||   427
Block: Kite shield       |    90 |    89 |   140 |   347 ||   666
       Rpst.: Long sword |    18 |    19 |    16 |       ||    53
       Scimitar          |       |       |     5 |     9 ||    14
       Falchion          |       |       |       |    55 ||    55
